 Dungeon Crawl Stone Soup version 0.23-a0-448-g1c01f63 (webtiles) character file.

184095 galech the Severer (level 17, -1/140 HPs)
             Began as a Demonspawn Fighter on Nov 19, 2018.
             Was the Champion of Okawaru.
             Killed from afar by a deep elf high priest (42 damage)
             ... with damnation
             ... on level 3 of the Elven Halls.
             The game lasted 00:55:24 (25835 turns).

galech the Severer (Demonspawn Fighter)            Turns: 25835, Time: 00:55:25

Health: -1/140     AC: 44    Str: 16    XL:     17   Next: 76%
Magic:  19/19      EV: 17    Int: 18    God:    Okawaru [******]
Gold:   2461       SH: 19    Dex: 26    Spells: 16/16 levels left

rFire    + + +     SeeInvis .   y - +11 broad axe of Heepiu {chop, rElec rPois rN+ MP-9}
rCold    + . .     Gourm    .   b - +2 buckler {AC+3}
rNeg     + . .     Faith    .   G - +11 plate armour of Qesolad {rPois Regen+ Int+7}
rPois    +         Spirit   .   h - +1 hat of Recklessness {rC+ rCorr}
rElec    +         Reflect  +   D - +2 cloak {rF+}
rCorr    +         Harm     .   R - +3 pair of gloves "Zoamiv" {Dex+2}
MR       +....                  (boots unavailable)
Stlth    ..........             p - +6 amulet of reflection
HPRegen  0.73/turn              W - +1 ring of slaying
MPRegen  0.16/turn              c - ring of magical power

@: agile, lethally poisoned (-1 -> -2), about to teleport, heroism
A: hooves 3, molten scales 3, fire resistance 1, foul stench 1, powered by pain
2, rot immunity, flame cloud immunity
a: Heroism, Finesse, Renounce Religion


You were on level 3 of the Elven Halls.
You worshipped Okawaru.
Okawaru was exalted by your worship.
You were not hungry.

You visited 5 branches of the dungeon, and saw 27 of its levels.
You visited 1 bazaar.
You also visited: Volcano.

You collected 2999 gold pieces.
You spent 538 gold pieces at shops.

Inventory:

Hand Weapons
 y - the +11 broad axe of Heepiu (weapon) {chop, rElec rPois rN+ MP-9}
   (Okawaru gifted it to you on level 2 of the Elven Halls)

   It inflicts extra damage upon your enemies.
   It insulates you from electricity.
   It protects you from poison.
   It protects you from negative energy.
   It affects your magic capacity (-9).
Armour
 b - a +2 buckler of protection (worn)
 h - the +1 hat of Recklessness (worn) {rC+ rCorr}
   (Okawaru gifted it to you on level 12 of the Dungeon)

   It protects you from cold.
   It provides partial protection from all sources of acid and corrosion.
 A - a scarf of cloud immunity
 D - a +2 cloak of fire resistance (worn)
 G - the +11 plate armour of Qesolad (worn) {rPois Regen+ Int+7}
   (You found it on level 7 of the Dungeon)

   It affects your intelligence (+7).
   It protects you from poison.
   It increases your rate of regeneration.
 R - the +3 pair of gloves "Zoamiv" (worn) {Dex+2}
   (You bought it in a shop in a bazaar)

   It affects your dexterity (+2).
 T - a scarf of resistance
Jewellery
 c - a ring of magical power (right hand)
 i - an uncursed ring of wizardry {unknown}
 k - an uncursed amulet of guardian spirit
 m - the ring of Egalitarianism {rCorr rPois rF- Int+3}
   (You took it off a deep elf mage on level 1 of the Elven Halls)

   [ring of resist corrosion]

   It affects your intelligence (+3).
   It makes you vulnerable to fire.
   It protects you from poison.
 p - a +6 amulet of reflection (around neck)
 w - an uncursed ring of resist corrosion
 I - an uncursed ring of ice
 S - an uncursed amulet of guardian spirit
 U - an uncursed amulet of the gourmand
 V - an uncursed ring of fire
 W - a +1 ring of slaying (left hand)
Wands
 a - a wand of flame (17)
 J - a wand of digging (1)
Scrolls
 e - 13 scrolls of teleportation
 g - a scroll of immolation
 j - 7 scrolls of enchant armour
 n - 10 scrolls of amnesia
 o - 5 scrolls of blinking
 r - 2 scrolls of fog
 u - 2 scrolls of fear
 B - a scroll of silence
 C - a scroll of summoning
 E - 6 scrolls of remove curse
 H - 3 scrolls of magic mapping
 P - 7 scrolls of enchant weapon
 Y - a scroll of torment
 Z - a scroll of vulnerability
Potions
 d - 9 potions of curing
 l - a potion of cancellation
 q - 3 potions of lignification
 t - 5 potions of flight
 v - 2 potions of magic {unknown}
 x - 2 potions of resistance
 z - a potion of mutation
 F - 3 potions of heal wounds
 K - 4 potions of brilliance {unknown}
 L - a potion of agility {unknown}
 N - a potion of berserk rage
 O - 2 potions of might
 Q - 5 potions of haste
Comestibles
 f - 63 rations
 s - 2 chunks of flesh


   Skills:
 + Level 14.4(19.4) Fighting
 + Level 18.1(23.1) Axes
 + Level 11.1(16.1) Armour
 + Level 3.8(8.8) Dodging
 + Level 1.6(6.6) Stealth
 + Level 15.2(20.2) Shields
 + Level 3.7 Invocations
 + Level 1.0 Evocations


You had 16 spell levels left.
You didn't know any spells.
Your spell library contained the following spells:

 Spells                   Type           Power        Failure   Level  Hunger
 Animate Skeleton         Necr           N/A          98%         1    ##.....
 Apportation              Tloc           #.....       98%         1    ##.....
 Confusing Touch          Hex            #.....       98%         1    ##.....
 Corona                   Hex            #......      98%         1    ##.....
 Flame Tongue             Conj/Fire      #....        98%         1    ##.....
 Magic Dart               Conj           #...         98%         1    ##.....
 Pain                     Necr           #...         98%         1    ##.....
 Sandblast                Erth           #.....       98%         1    ##.....
 Sting                    Conj/Pois      #...         98%         1    ##.....
 Summon Butterflies       Summ           #.......     98%         1    ##.....
 Summon Small Mammal      Summ           #...         98%         1    ##.....
 Blink                    Tloc           N/A          99%         2    ###....
 Call Imp                 Summ           #.......     99%         2    ###....
 Ensorcelled Hibernation  Hex/Ice        #.....       99%         2    ###....
 Passwall                 Tmut/Erth      #.......     99%         2    ###....
 Poisonous Vapours        Pois/Air       #.....       99%         2    ###....
 Shroud of Golubria       Chrm/Tloc      #.........   99%         2    ###....
 Slow                     Hex            #.......     99%         2    ###....
 Swiftness                Chrm/Air       #.......     99%         2    ###....
 Confuse                  Hex            #.......     100%        3    ####...
 Conjure Flame            Conj/Fire      #.......     100%        3    ####...
 Dazzling Spray           Conj/Hex       #.....       100%        3    ####...
 Gell's Gravitas          Tloc           #.........   100%        3    ####...
 Lesser Beckoning         Tloc           #.........   100%        3    ####...
 Mephitic Cloud           Conj/Pois/Air  #.......     100%        3    ####...
 Regeneration             Chrm/Necr      #.........   100%        3    ####...
 Stone Arrow              Conj/Erth      #.....       100%        3    ####...
 Teleport Other           Tloc           #.......     100%        3    ####...
 Tukima's Dance           Hex            #.......     100%        3    ####...
 Vampiric Draining        Necr           #.........   100%        3    ####...
 Animate Dead             Necr           N/A          100%        4    #####..
 Cause Fear               Hex            #.........   100%        4    #####..
 Olgreb's Toxic Radiance  Pois           #.......     100%        4    #####..
 Passage of Golubria      Tloc           N/A          100%        4    #####..
 Petrify                  Tmut/Erth      #.......     100%        4    #####..
 Summon Lightning Spire   Summ/Air       #.......     100%        4    #####..
 Alistair's Intoxication  Tmut/Pois      #.......     100%        5    ######.
 Lee's Rapid Deconstruct  Erth           #.........   100%        5    ######.
 Metabolic Englaciation   Hex/Ice        #.........   100%        5    ######.
 Silence                  Hex/Air        #.........   100%        5    ######.
 Venom Bolt               Conj/Pois      #.........   100%        5    ######.
 Yara's Violent Unravell  Hex/Tmut       #.........   100%        5    ######.
 Bolt of Fire             Conj/Fire      #.........   100%        6    #######
 Conjure Ball Lightning   Conj/Air       #.........   100%        6    #######
 Darkness                 Hex            #.........   100%        6    #######
 Deflect Missiles         Chrm/Air       #.........   100%        6    #######
 Invisibility             Hex            #.......     100%        6    #######
 Dragon Form              Tmut           #.........   100%        7    #######
 Discord                  Hex            #.........   100%        8    #######
 Dragon's Call            Summ           #.........   100%        9    #######
 Tornado                  Air            #.........   100%        9    #######


Dungeon Overview and Level Annotations

Branches:
Dungeon (15/15)            Temple (1/1) D:6            Lair (6/6) D:9
  Swamp (0/4) Lair:2       Spider (0/4) Lair:4        Slime (0/5) Lair:5
    Orc (2/2) D:12            Elf (3/3) Orc:2        Vaults (0/5) D:13
 Depths (0/5) D:15

Altars:
Ashenzari
Cheibriados
Dithmenos
Elyvilon
Fedhas
Gozag
Hepliaklqana
Kikubaaqudgha
Makhleb
Okawaru
Qazlal
Ru
Sif Muna
Trog
Uskayaw
Vehumet
Wu Jian
Xom
Yredelemnul
Zin
The Shining One
Jiyva

Shops:
D:6 *   D:10 ?   Orc:2 [([[


Innate Abilities, Weirdness & Mutations

You have hooves in place of feet.
You are completely covered in molten scales. (AC +4, rF+)
Your flesh is heat resistant. (rF+)
You may emit foul miasma when damaged in melee.
You sometimes gain power by taking damage.
You are immune to rotting.
You are immune to clouds of flame.


Message History

A deep elf demonologist comes into view.
It is wielding a +0 long sword.
A fire elemental comes into view.
A deep elf annihilator comes into view. It is wielding a +0 short sword.
A deep elf death mage comes into view. It is wielding a +0 dagger.
You hear a shout!
Found a short sword.
As you read the scroll of teleportation, it crumbles to dust.
You feel strangely unstable.
You feel sick.
The deep elf death mage shouts!
You hear a shout!
You hear a horrible gurgling sound!
The deep elf high priest calls down the wrath of its god upon you.
The sphere of damnation explodes!
The damnation engulfs you!
* * * LOW HITPOINT WARNING * * *
A deep elf annihilator comes into view. It is wielding a +0 rapier.
You hear a shout! x5
You feel much better.
You feel sick.
The chaos spawn degenerates into a cloud of primal chaos!
The deep elf high priest calls down the wrath of its god upon you.
The sphere of damnation explodes!
The damnation engulfs you!
You die...

≈# ≈# #.§ ≈#
##e§e ≈#
...§.. ≈# #
..eE.. ≈# ##.
#..#.). # ≈#
##... ##.e..#
## ≈#
#....e#.....##
..e#. ≈#
...⌠...@.....#
..o.. ≈#
#.....#.....##
e..#. ≈# ##...
##..§.# ## ≈#
##. #.e#... #
≈# # e..... ≈#
...... ≈#
##... ≈# #..
≈#


You could see 3 deep elf annihilators, a deep elf death mage, a deep elf
elementalist, a deep elf demonologist, a deep elf high priest and a fire
elemental.

Vanquished Creatures
  Rupert (D:15)
  2 deep elf blademasters
  2 sphinxes (Elf:3)
  Agnes (D:15)
  Kirke (Lair:6)
  Roxanne (D:15)
  An orc warlord (D:12)
  A deep elf elementalist (Elf:1)
  Louise (Elf:1)
  The ghost of Moorgh the Fighter, a journeyman GnWn of Nemelex Xobeh (D:13)
  A juggernaut skeleton (D:15)
  A stone giant (Orc:1)
  Nessos (D:14)
  A deep elf annihilator (Elf:3)
  A deep elf death mage (Elf:1)
  An ettin (Orc:1)
  3 fire dragons (Elf:3)
  A deep elf high priest (Elf:1)
  Erolcha (D:9)
  Josephine (D:12)
  Fannar (D:11)
  17 hydras
  An ice dragon (Lair:6)
  A catoblepas (Lair:6)
  21 dancing weapons
  2 ogre magi (Orc:2)
  2 centaur warriors (D:13)
  9 two-headed ogres
  A death knight (D:15)
  A vampire mage (D:15)
  2 tengu warriors
  Sonja (Orc:2)
  Nergalle (D:14)
  15 deep elf knights
  6 unseen horrors
  12 skeletal warriors
  2 deep trolls
  A wolf spider zombie (D:14)
  2 orc knights
  2 harpies (Elf:3)
  9 deep elf archers
  2 lindwurms (Lair:6)
  47 deep elf magi
  A necromancer (D:15)
  4 oklob plants (Lair:6)
  A frost giant zombie (D:15)
  3 cyclopes (Orc:2)
  7 manticores
  4 orc sorcerers
  12 ugly things
  A manticore (shapeshifter) (D:15)
  Maurice (D:10)
  5 black mambas
  7 elephants
  A moth of wrath (shapeshifter) (D:15)
  An ice statue (D:9)
  Psyche (D:8)
  Joseph (D:9)
  A molten gargoyle (Volcano)
  5 torpor snails (Lair:6)
  11 spiny frogs
  4 gargoyles
  A yaktaur zombie (D:15)
  2 rime drakes (Lair:2)
  6 komodo dragons
  A guardian mummy (D:15)
  2 tengu conjurers
  12 trolls
  6 meliai
  4 tyrant leeches
  A queen bee (Lair:2)
  9 polar bears (Lair:6)
  8 hornets
  5 slime creatures
  3 raiju (Lair:6)
  27 blink frogs
  Prince Ribbit (D:8)
  9 dream sheep (Lair:6)
  13 hippogriffs
  3 air elementals (Elf:1)
  A spriggan zombie (D:15)
  A yak (shapeshifter) (D:13)
  A spriggan (D:7)
  2 shadows
  5 wraiths
  6 wyverns
  4 fire bats (Lair:4)
  3 fire elementals
  A human (shapeshifter) (D:15)
  8 basilisks
  3 hogs (Lair:6)
  A steam dragon (D:9)
  37 yaks
  5 vampire mosquitoes
  A swamp worm (Lair:2)
  6 wargs
  4 acid dragons
  14 water moccasins
  17 orc warriors
  16 hell hounds
  10 porcupines
  2 ice beasts (D:8)
  7 sky beasts
  11 black bears (Lair:6)
  A black bear (shapeshifter) (D:14)
  An eye of draining (D:11)
  3 phantoms
  22 ogres
  29 wolves
  A necrophage (D:5)
  5 centaurs
  18 crocodiles
  22 bullfrogs
  2 big kobolds
  2 wyvern skeletons
  3 scorpions
  2 water moccasin skeletons (D:7)
  33 killer bees
  5 electric eels
  4 wights (D:10)
  3 howler monkeys
  8 crimson imps
  4 bullfrog zombies
  A quasit (D:8)
  11 hounds
  15 orc wizards
  5 centaur zombies
  17 orc priests
  3 centaur skeletons
  10 jellies
  4 bullfrog skeletons
  Terence (D:2)
  Jessica (D:3)
  5 iguanas
  A statue (D:5)
  12 worker ants
  2 hound skeletons
  7 gnolls
  9 adders
  3 shadow imps
  15 oozes
  An adder zombie (D:7)
  2 worms
  3 dart slugs (D:1)
  6 leopard geckos
  66 orcs
  6 bats
  A bat zombie (D:5)
  6 giant cockroaches
  12 goblins
  11 hobgoblins
  9 jackals
  3 quokkas
  A ball python (D:6)
  7 frilled lizards
  3 jackal skeletons
  18 kobolds
  A leopard gecko skeleton (D:7)
  A leopard gecko zombie (D:7)
  8 rats
  A rat zombie (D:5)
  A bush (Elf:3)
  A fungus (D:9)
  3 plants (Lair:6)
  A withered plant (D:15)
994 creatures vanquished.

Vanquished Creatures (others)
  A deep elf knight (Elf:2)
  A deep elf archer (Elf:2)
  A human (Lair:6)
  An ogre (Orc:2)
  2 centaurs
  An orc (D:7)
  A bush (D:9)
  4 fungi
  27 plants
39 creatures vanquished.

Grand Total: 1033 creatures vanquished

Notes
Turn   | Place    | Note
-------+----------+-------------------------------------------
     0 | D:1      | galech the Demonspawn Fighter began the quest for the Orb.
     0 | D:1      | Reached XP level 1. HP: 18/18 MP: 1/1
   206 | D:1      | Gained mutation: You are partially covered in molten
                  | scales. (AC +2) [demonic ancestry]
   206 | D:1      | Reached XP level 2. HP: 16/24 MP: 2/2
   485 | D:1      | Reached skill level 2 in Axes
   555 | D:1      | Reached XP level 3. HP: 17/29 MP: 3/3
   952 | D:2      | Noticed Terence
  1632 | D:2      | Gained mutation: You are mostly covered in molten scales.
                  | (AC +3) [demonic ancestry]
  1632 | D:2      | Reached XP level 4. HP: 24/35 MP: 4/4
  1781 | D:1      | Reached skill level 1 in Dodging
  1879 | D:2      | Killed Terence
  2255 | D:3      | Gained mutation: You are completely covered in molten
                  | scales. (AC +4, rF+) [demonic ancestry]
  2255 | D:3      | Reached XP level 5. HP: 41/41 MP: 5/5
  2311 | D:3      | Reached skill level 3 in Axes
  2762 | D:3      | Found a glowing silver altar of Zin.
  2811 | D:3      | Noticed Jessica
  2823 | D:3      | Killed Jessica
  2919 | D:3      | Found a faded altar of an unknown god.
  3020 | D:4      | Found a shattered altar of Ashenzari.
  3283 | D:4      | Gained mutation: You are immune to rotting. [demonic
                  | ancestry]
  3283 | D:4      | Reached XP level 6. HP: 47/47 MP: 6/6
  3469 | D:4      | Found a basalt altar of Yredelemnul.
  3575 | D:4      | Found a white marble altar of Elyvilon.
  3847 | D:5      | Entered Level 5 of the Dungeon
  3857 | D:5      | Reached skill level 4 in Axes
  3991 | D:4      | Gained mutation: You may emit foul miasma when damaged in
                  | melee. [demonic ancestry]
  3991 | D:4      | Reached XP level 7. HP: 9/53 MP: 7/7
  4540 | D:5      | Noticed a hornet
  4547 | D:5      | Paralysed by a hornet for 2 turns
  4557 | D:5      | Paralysed by a hornet for 2 turns
  4566 | D:5      | Killed a hornet
  4566 | D:5      | Reached skill level 5 in Axes
  4812 | D:5      | Reached skill level 5 in Shields
  4832 | D:5      | Found an ancient bone altar of Kikubaaqudgha.
  4947 | D:4      | Gained mutation: You have large cloven feet. [demonic
                  | ancestry]
  4947 | D:4      | Reached XP level 8. HP: 31/60 MP: 8/8
  5089 | D:5      | Reached skill level 6 in Axes
  5368 | D:5      | Found a glowing golden altar of the Shining One.
  5523 | D:5      | Found a radiant altar of Vehumet.
  5976 | D:6      | Found Enliti's Serpentskin Sales.
  6041 | D:6      | Found a staircase to the Ecumenical Temple.
  6053 | Temple   | Entered the Ecumenical Temple
  6066 | Temple   | Became a worshipper of Warmaster Okawaru
  6256 | D:7      | Reached skill level 7 in Axes
  6414 | D:7      | Reached skill level 5 in Fighting
  6510 | D:7      | Gained mutation: Your flesh is heat resistant. (rF+)
                  | [demonic ancestry]
  6510 | D:7      | Reached XP level 9. HP: 58/68 MP: 9/9
  6626 | D:7      | Noticed a gargoyle
  6655 | D:7      | Killed a gargoyle
  6655 | D:7      | Reached * piety under Okawaru
  6724 | D:7      | Got a smoking plate armour
  6735 | D:7      | Identified the +11 plate armour of Qesolad {rPois Regen+
                  | Int+7} (You found it on level 7 of the Dungeon)
  6966 | D:7      | Reached skill level 8 in Axes
  7001 | D:8      | Noticed Prince Ribbit
  7043 | D:8      | Reached ** piety under Okawaru
  7087 | D:8      | Killed Prince Ribbit
  7101 | D:8      | Noticed a +0 dagger
  7102 | D:8      | Noticed a +0 hand axe
  7113 | D:8      | Found a hide-covered altar of Uskayaw.
  7206 | D:8      | Found a shadowy altar of Dithmenos.
  7240 | D:8      | Noticed Psyche
  7245 | D:8      | Noticed a two-headed ogre
  7251 | D:8      | Killed Psyche
  7251 | D:8      | Reached skill level 9 in Axes
  7251 | D:8      | Reached skill level 5 in Armour
  7251 | D:8      | Reached XP level 10. HP: 76/76 MP: 10/10
  7255 | D:8      | Killed a two-headed ogre
  7255 | D:8      | Reached *** piety under Okawaru
  7607 | D:8      | Found a glowing golden altar of the Shining One.
  7953 | D:9      | Reached **** piety under Okawaru
  7991 | D:9      | Reached skill level 10 in Axes
  8162 | D:9      | Noticed Joseph
  8175 | D:9      | Killed Joseph
  8247 | D:9      | Found a staircase to the Lair.
  8248 | D:9      | Noticed Erolcha
  8265 | D:9      | Killed Erolcha
  8265 | D:9      | Reached ***** piety under Okawaru
  8344 | D:9      | Gained mutation: You have hoof-like feet. [demonic
                  | ancestry]
  8344 | D:9      | Reached XP level 11. HP: 83/83 MP: 11/11
  8421 | D:9      | Found an ornate altar of the Wu Jian Council.
  8652 | D:9      | Found a glowing golden altar of the Shining One.
  8984 | D:10     | Entered Level 10 of the Dungeon
  9001 | D:10     | Reached skill level 11 in Axes
  9034 | D:10     | Received a gift from Okawaru
  9378 | D:10     | Noticed Maurice
  9380 | D:10     | Found an ancient bone altar of Kikubaaqudgha.
  9407 | D:10     | Killed Maurice
  9460 | D:10     | Found Podonat's Magic Scroll Emporium.
  9463 | D:10     | Bought a scroll of identify for 26 gold pieces
  9463 | D:10     | Bought a scroll of teleportation for 39 gold pieces
  9463 | D:10     | Bought a scroll of identify for 26 gold pieces
  9463 | D:10     | Bought a scroll of enchant armour for 97 gold pieces
  9512 | D:10     | Got a polished broad axe
  9513 | D:10     | Identified the +2 broad axe of the Heart {chop, Int+3} (You
                  | found it on level 10 of the Dungeon)
  9547 | D:10     | Noticed a two-headed ogre
  9553 | D:10     | Killed a two-headed ogre
  9782 | D:11     | Noticed Fannar
  9854 | D:11     | Killed an unseen horror
  9875 | D:11     | Killed Fannar
  9875 | D:11     | Reached skill level 12 in Axes
  9952 | D:11     | Killed an unseen horror
 10038 | D:11     | Noticed a five-headed hydra
 10256 | D:11     | Killed an unseen horror
 10370 | D:11     | Killed a ten-headed hydra
 10370 | D:11     | Gained mutation: You sometimes gain a little power by
                  | taking damage. [demonic ancestry]
 10370 | D:11     | Reached XP level 12. HP: 54/92 MP: 0/12
 10416 | D:11     | Reached skill level 1 in Invocations
 10621 | D:12     | Found a flickering gateway to a bazaar.
 10622 | D:12     | Found a staircase to the Orcish Mines.
 10633 | Bazaar   | Entered a bazaar
 10637 | Bazaar   | Found Evevvire's Assorted Antiques.
 10655 | Bazaar   | Found Cepoisu's Antique Weapon Emporium.
 10672 | Bazaar   | Found Takan's Jewellery Boutique.
 10689 | Bazaar   | Found Bued Cep's Food Shoppe.
 10711 | Bazaar   | Bought a pair of encrusted gloves for 266 gold pieces
 10711 | Bazaar   | Bought a scroll of teleportation for 84 gold pieces
 10735 | D:12     | Identified the +3 pair of gloves "Zoamiv" {Dex+2} (You
                  | bought it in a shop in a bazaar)
 10743 | D:12     | Found a labyrinth entrance.
 11129 | D:12     | Noticed Josephine
 11144 | D:12     | Killed Josephine
 11144 | D:12     | Reached ****** piety under Okawaru
 11144 | D:12     | Received a gift from Okawaru
 11151 | D:12     | Got a brightly glowing hat {god gift}
 11157 | D:12     | Identified the +1 hat of Recklessness {rC+ rCorr} (Okawaru
                  | gifted it to you on level 12 of the Dungeon)
 11234 | D:12     | Reached skill level 10 in Shields
 11273 | D:12     | Reached skill level 13 in Axes
 11592 | Orc:1    | Entered Level 1 of the Orcish Mines
 11638 | Orc:1    | Noticed a stone giant
 11640 | Orc:1    | Noticed an orc warlord
 11673 | D:12     | Killed an orc warlord
 11746 | Orc:1    | Killed a stone giant
 12093 | Orc:1    | Received a gift from Okawaru
 12096 | Orc:1    | Got a transparent war axe {god gift}
 12097 | Orc:1    | Identified the +9 war axe of Starshine {chop, rElec Str+2}
                  | (Okawaru gifted it to you on level 1 of the Orcish Mines)
 12237 | Orc:2    | Entered Level 2 of the Orcish Mines
 12237 | Orc:2    | Found Inehijumn's Antique Armour Shop.
 12237 | Orc:2    | Noticed an ettin
 12238 | Orc:2    | Noticed a two-headed ogre
 12238 | Orc:2    | Noticed a two-headed ogre
 12238 | Orc:2    | Noticed a two-headed ogre
 12239 | Orc:2    | Noticed a two-headed ogre
 12250 | Orc:1    | Reached XP level 13. HP: 97/101 MP: 14/14
 12273 | Orc:1    | Killed an ettin
 12354 | Orc:1    | Reached skill level 14 in Axes
 12435 | Orc:1    | Received a gift from Okawaru
 12577 | Orc:2    | Found Sanuny's Antique Weapon Shoppe.
 12579 | Orc:2    | Found Jimikam's Armour Shop.
 12737 | Orc:2    | Found Xafuann's Antique Armour Boutique.
 12768 | Orc:2    | Noticed Sonja
 12778 | Orc:2    | Killed Sonja
 12778 | Orc:2    | Received a gift from Okawaru
 13031 | Orc:2    | Found a staircase to the Elven Halls.
 13309 | Lair:1   | Entered Level 1 of the Lair of Beasts
 13689 | Lair:1   | Reached skill level 10 in Fighting
 14349 | Lair:2   | Found a staircase to the Swamp.
 14482 | Lair:2   | Gained mutation: You sometimes gain power by taking damage.
                  | [demonic ancestry]
 14482 | Lair:2   | Reached XP level 14. HP: 110/110 MP: 15/15
 14654 | Lair:2   | Reached skill level 15 in Axes
 14704 | Lair:2   | Found the +10 dark maul {crush}
 16131 | Lair:4   | Received a gift from Okawaru
 16243 | Lair:4   | Received a gift from Okawaru
 16350 | Lair:4   | Found a hole to the Spider Nest.
 17072 | Lair:5   | Found a viscous altar of Jiyva.
 17073 | Lair:5   | Found a staircase to the Slime Pits.
 17606 | Lair:6   | Entered Level 6 of the Lair of Beasts
 17674 | Lair:6   | Found a dark tunnel.
 17715 | Volcano  | Entered a volcano
 17755 | Volcano  | Found the +12 Vampire's Tooth {vamp}
 17758 | Volcano  | Got a jewelled helmet
 17983 | Volcano  | Identified the cursed +0 helmet of Defence {rPois rF+++ rC-
                  | rCorr} (You found it in a volcano)
 18283 | Lair:6   | Received a gift from Okawaru
 18291 | Lair:6   | Got a jewelled war axe {god gift}
 18314 | Lair:6   | Identified the +4 war axe "Onengi" {freeze, Dex+7} (Okawaru
                  | gifted it to you on level 6 of the Lair of Beasts)
 18333 | Lair:6   | Noticed Kirke
 18347 | Lair:6   | Killed Kirke
 18347 | Lair:6   | Gained mutation: You have hooves in place of feet. [demonic
                  | ancestry]
 18347 | Lair:6   | Reached XP level 15. HP: 115/119 MP: 17/17
 18422 | Lair:6   | Reached skill level 1 in Stealth
 18560 | Lair:6   | Reached skill level 16 in Axes
 18678 | Lair:6   | Received a gift from Okawaru
 19246 | Lair:6   | Found a runed door.
 20048 | D:13     | Found a runed gate.
 20145 | D:13     | Found a runed gate.
 20145 | D:13     | Found a runed gate.
 20145 | D:13     | Noticed Moorgh's ghost (journeyman GnWn)
 20162 | D:13     | Killed Moorgh's ghost
 20166 | D:13     | Got a jewelled hat
 20184 | D:13     | Identified the cursed +0 hat "Jon Ass" {*Corrode Str+5}
                  | (You found it on level 13 of the Dungeon)
 20273 | D:13     | Found a gate to the Vaults.
 20950 | D:14     | Noticed Nergalle
 20969 | D:14     | Killed Nergalle
 21187 | D:14     | Received a gift from Okawaru
 21215 | D:14     | Got a smoking buckler {god gift}
 21226 | D:14     | Identified the +1 buckler "Xuovoifant" {rF+ Str+3} (Okawaru
                  | gifted it to you on level 14 of the Dungeon)
 21612 | D:14     | Noticed Nessos
 21633 | D:14     | Reached skill level 10 in Armour
 21656 | D:14     | Killed Nessos
 21656 | D:14     | Gained mutation: You are immune to clouds of flame.
                  | [demonic ancestry]
 21656 | D:14     | Reached XP level 16. HP: 129/129 MP: 18/18
 21989 | D:15     | Entered Level 15 of the Dungeon
 22083 | D:15     | Found a shimmering altar of Xom.
 22086 | D:15     | Found a shimmering altar of Xom.
 22086 | D:15     | Found a shimmering altar of Xom.
 22087 | D:15     | Found a shimmering altar of Xom.
 22087 | D:15     | Noticed Rupert
 22089 | D:15     | Found a shimmering altar of Xom.
 22104 | D:15     | Killed Rupert
 22177 | D:15     | Noticed Agnes
 22191 | D:15     | Killed Agnes
 22209 | D:15     | Identified Roxanne's Incunabulum of the Rocks
 22209 | D:15     | Noticed Roxanne
 22231 | D:15     | Killed Roxanne
 22341 | D:15     | Found a staircase to the Depths.
 22467 | D:15     | Found a shimmering altar of Xom.
 22467 | D:15     | Found a shimmering altar of Xom.
 22730 | D:15     | Received a gift from Okawaru
 23133 | Elf:1    | Entered Level 1 of the Elven Halls
 23149 | Elf:1    | Reached skill level 17 in Axes
 23341 | Elf:1    | Reached skill level 1 in Evocations
 23652 | Elf:1    | Identified the ring of Egalitarianism {rCorr rPois rF-
                  | Int+3}
 23817 | Elf:1    | Received a gift from Okawaru
 24014 | Elf:1    | Noticed Louise
 24031 | Elf:1    | Killed Louise
 24516 | Elf:2    | Found a huge runed gate.
 24519 | Elf:2    | Found a huge runed gate.
 24519 | Elf:2    | Found a huge runed gate.
 24521 | Elf:2    | Found a huge runed gate.
 24521 | Elf:2    | Found a huge runed gate.
 24642 | Elf:2    | Reached XP level 17. HP: 121/138 MP: 19/19
 24643 | Elf:2    | Received a gift from Okawaru
 24646 | Elf:2    | Got an iridescent broad axe {god gift}
 24647 | Elf:2    | Identified the +11 broad axe of Heepiu {chop, rElec rPois
                  | rN+ MP-9} (Okawaru gifted it to you on level 2 of the Elven
                  | Halls)
 24657 | Elf:2    | Noticed a deep elf blademaster
 24981 | Elf:2    | Killed a deep elf blademaster
 25148 | Elf:3    | Entered Level 3 of the Elven Halls
 25185 | Elf:3    | Received a gift from Okawaru
 25247 | Elf:3    | Found a radiant altar of Vehumet.
 25546 | Elf:3    | Reached skill level 15 in Shields
 25573 | Elf:3    | Reached skill level 18 in Axes
 25618 | Elf:3    | Paralysed by a sphinx for 2 turns
 25809 | Elf:3    | Noticed a deep elf blademaster
 25814 | Elf:3    | Noticed a Brimstone Fiend
 25827 | Elf:3    | Killed a deep elf blademaster
 25835 | Elf:3    | Killed from afar by a deep elf high priest

Vault maps used:
D:1:      lightli_arrival_windingriver
D:2:      first_ration, uniq_terence
D:3:      zin_statuary, chequers_ecumenical_altar_grove, serial_bayou_lagoon_a,
          uniq_jessica
D:4:      kennysheep_ying_yang, nicolae_ashenzari_panopticon
D:5:      lemuel_zombie_altar_kikubaaqudgha, vehumet_statue,
          minmay_ruined_shrine
D:6:      temple_statues, guppyfry_shop_venom
D:7:      minmay_the_grid_triangle_9x9_rhombus_thin, the_bakery
D:8:      dancing_weapons_uskayaw, basic_altar, tso_altar, uniq_prince_ribbit1,
          uniq_psyche
D:9:      kennysheep_mini, overflow_temple_1_default, minmay_lair_entry_grove,
          minivault_16, minmay_fractal_squares_gapless_5, uniq_erolcha,
          uniq_joseph
D:10:     serial_shops, kennysheep_mini_moat, basic_altar, feat_on_display,
          uniq_maurice
D:11:     minmay_holes, uniq_nergalle, uniq_fannar
D:12:     orc_0_dummy, lab_entry_generic, serial_shops, bzr_in_the_mist,
          uniq_josephine
D:13:     erik_vaults_1, ebering_ghost_rock_garden
D:14:     minivault_27, hangedman_decor_push, uniq_nessos
D:15:     gammafunk_depths_entry_grave, minivault_11, xom_shifter_show,
          uniq_rupert, uniq_roxanne, uniq_agnes
Temple:   cyrus_circular_temple
Lair:1:   beast_lair_carwin_3, serial_bayou_shore_b
Lair:2:   regret_index_bee_streams, minmay_swamp_entry_worms, grunt_megastairs_4
Lair:3:   serial_bayou_shore_a, grunt_megastairs_1
Lair:4:   dummy_spider_entry, lemuel_fruit_fields, lemuel_fruit_tree
Lair:5:   lemuel_slime, slime_altar_1, st_stairs_12, grunt_megastairs_2,
          infiniplex_staircase_pool
Lair:6:   hangedman_lair_caniforms_friends, wormcave,
          nicolae_volcano_entry_two_sided, minmay_lair_oklob_chamber, uniq_kirke
Orc:2:    st_orc_open, uniq_sonja
Elf:1:    eino_elf_arrival_the_gate, kennysheep_underground_church,
          minmay_fountain_box, uniq_louise
Elf:3:    grunt_elf_hall_diamonds, special_room, basic_altar, minivault_16
Bazaar:   bazaar_jpeg_circle_common
Volcano:  volcano_overflow

Skill      XL: |  1  2  3  4  5  6  7  8  9 10 11 12 13 14 15 16 17 |
---------------+----------------------------------------------------+-----
Shields        | 3 4 5 6 7 8 9 10 11 12 13 14 15 | 15.2
Axes           | 2 3 4 5 7 9 10 12 13 14 15 16 17 18 | 18.1
Armour         | 3 4 5 6 7 8 9 10 11 | 11.1
Dodging        | 1 2 3 |  3.8
Fighting       | 4 5 6 7 9 10 11 12 13 14 | 14.4
Invocations    | 1 2 3 |  3.7
Stealth        | 1 |  1.6
Evocations     | 1 |  1.0

Action                   |  1- 3 |  4- 6 |  7- 9 | 10-12 | 13-15 | 16-18 || total
-------------------------+-------+-------+-------+-------+-------+-------++-------
Melee: War axe           |   184 |   208 |   462 |   280 |  1208 |   460 ||  2802
       Kick              |       |       |   105 |   242 |   469 |   293 ||  1109
       Broad axe         |       |       |       |   402 |       |   250 ||   652
Invok: Heroism           |       |       |       |     8 |    13 |    10 ||    31
       Finesse           |       |       |       |     1 |     1 |     1 ||     3
Evoke: Wand              |       |       |       |       |       |     1 ||     1
  Use: Potion            |     2 |     1 |     4 |       |       |     1 ||     8
       Scroll            |       |       |       |    15 |     9 |     4 ||    28
 Stab: Petrified         |       |       |       |       |     2 |       ||     2
       Petrifying        |       |       |       |       |     1 |       ||     1
  Eat: Chunk             |     3 |     7 |    12 |    17 |    31 |    15 ||    85
Armor: Scale mail        |   105 |    17 |       |       |       |       ||   122
       Skin              |     4 |       |       |       |       |       ||     4
       Chain mail        |       |   103 |    55 |       |       |       ||   158
       Plate armour      |       |       |   173 |   468 |   634 |   374 ||  1649
Dodge: Dodged            |    47 |    39 |    52 |    87 |   326 |   154 ||   705
Block: Shield            |    95 |   181 |   373 |   610 |   441 |       ||  1700
       Reflection        |       |     1 |     5 |    14 |    34 |    46 ||   100
       Buckler           |       |       |       |       |   507 |   462 ||   969

Table legend:
 A = Non-vault XP
 B = Vault XP
 C = Vault XP percentage of total XP
 D = Non-vault monster count
 E = Vault monster count
 F = Vault count percentage of total count
                 A         B        C        D         E       F
            +---------+---------+-------+---------+---------+-------
      Total |  136419 |  136320 |  50.0 |     655 |     339 |  34.1
            +---------+---------+-------+---------+---------+-------
        D:1 |      85 |       0 |   0.0 |      35 |       0 |   0.0
        D:2 |      68 |      38 |  35.8 |      21 |       1 |   4.5
        D:3 |      97 |      37 |  27.6 |      22 |       1 |   4.3
        D:4 |     376 |       0 |   0.0 |      20 |       0 |   0.0
        D:5 |     851 |     383 |  31.0 |      22 |       9 |  29.0
        D:6 |     399 |      14 |   3.4 |      10 |       2 |  16.7
        D:7 |     965 |     857 |  47.0 |      27 |       5 |  15.6
        D:8 |    2079 |     679 |  24.6 |      18 |       2 |  10.0
        D:9 |     878 |    4246 |  82.9 |      19 |      19 |  50.0
       D:10 |    4670 |     485 |   9.4 |      28 |       1 |   3.4
       D:11 |    4674 |    1002 |  17.7 |      26 |       1 |   3.7
       D:12 |    9123 |    1658 |  15.4 |      42 |       4 |   8.7
       D:13 |    6431 |    3264 |  33.7 |      34 |       3 |   8.1
       D:14 |   18179 |    2005 |   9.9 |      52 |       2 |   3.7
       D:15 |    9762 |   13230 |  57.5 |      26 |      13 |  33.3
     Lair:1 |    2468 |     470 |  16.0 |      13 |       4 |  23.5
     Lair:2 |    2081 |    7642 |  78.6 |       8 |      50 |  86.2
     Lair:3 |    4331 |     163 |   3.6 |      20 |       1 |   4.8
     Lair:4 |    6318 |       0 |   0.0 |      30 |       0 |   0.0
     Lair:5 |    7873 |    3444 |  30.4 |      29 |      25 |  46.3
     Lair:6 |    8777 |   23694 |  73.0 |      32 |      86 |  72.9
      Orc:1 |    4590 |    8884 |  65.9 |      36 |      20 |  35.7
      Orc:2 |    2957 |    7299 |  71.2 |      22 |      18 |  45.0
      Elf:1 |   15919 |    6398 |  28.7 |      26 |      11 |  29.7
      Elf:2 |   13691 |   25529 |  65.1 |      22 |      30 |  57.7
      Elf:3 |    8777 |   23660 |  72.9 |      15 |      27 |  64.3
    Volcano |       0 |    1239 | 100.0 |       0 |       4 | 100.0
            +---------+---------+-------+---------+---------+-------
